healhack, neutral female sylph Healer ---- --..| ---- |...| ----..| |.*.-- |.....| --...| ---...- |...| |.....| ---.| |.--..-- | |.| --.|....-- .-- |.--- |.)|-....| ..| |...| --..|.....| ^ ... |...---.|.|....-- ..- ---.....|.|...-- ...-- |.....|.|--.------ --- ....| --....|.| |...|..| |.--- .....--- - ---..[.| |-.....------------...----%........| |....| |.....<...............E.ooo.......- --..-- --...............----.|G------ | ---- ---..---......%.| --|... ---- |..|..|.-- --.... --------- ----- healhack the Empiric Experience level: 5 Strength: 9 Dexterity: 10 Constitution: 12 Intelligence: 12 Wisdom: 15 Charisma: 18 Health: 0(41) Energy: 51(51) Def: 0 Gold: 1422 Moves: 1301 Dungeon seed: 8HGzRX7eZZrsauDA Game ID: healhack_1462536690 Your Inventory: Coins $ - 1422 gold pieces Amulets n - an uncursed amulet versus poison (being worn) u - a cursed amulet of restful sleep Weapons a - an uncursed +0 scalpel (weapon in hand) A - 54 uncursed +0 darts (in quiver) E - 7 blessed +1 darts U - an uncursed poisoned +0 dart Armor q - an uncursed +0 dwarvish cloak r - an uncursed +0 dwarvish cloak y - an uncursed +0 dwarvish cloak N - an uncursed +0 dwarvish cloak O - an uncursed +0 dwarvish cloak T - an uncursed +0 dwarvish cloak Y - an uncursed +0 dwarvish cloak Comestibles j - 11 blessed eucalyptus leaves k - 6 uncursed apples D - an uncursed food ration Scrolls e - an uncursed scroll of food detection t - an uncursed scroll of enchant armor I - an uncursed scroll of identify Potions p - a blessed potion of gain level B - a blessed potion of confusion C - a blessed potion of acid F - an uncursed potion of blindness Wands f - an uncursed wand of sleep (0:7) Tools b - an uncursed stethoscope s - an uncursed leash v - an uncursed +0 pick-axe w - an uncursed leash x - 12 uncursed tallow candles (0:200) K - an uncursed blindfold M - an uncursed tin whistle V - an uncursed wax candle (0:400) Gems z - an uncursed obsidian stone L - 2 uncursed garnet stones Spells and supernatural/magical abilities: Name Level Category Fail Memory h - healing 1 healing 0% 94% x - extra healing 3 healing 12% 94% S - stone to flesh 3 healing 29% 94% W - pray for help -- divine ? -- Your skills at the end: Miscellaneous Skills wands [Basic] Weapon Skills knife [Basic] Spellcasting Skills healing spells [Basic] Final Attributes: You were devoutly aligned. You were poison resistant. You saw invisible. You had infravision. You were stealthy. You were protected from shape changers. You are dead. Vanquished creatures: a dwarf lord 3 gnome lords a guardian naga hatchling a straw golem a kitten 7 dwarves 2 hill orcs a rothe a hobbit a gecko a yellow mold a red mold 16 gnomes 9 jackals 3 newts a sewer rat a lichen a kobold zombie 52 creatures vanquished. Voluntary challenges: You followed a strict vegan diet. You did not wear any clothing or armor. You were an atheist. You used a wielded weapon 94 times, starting on turn 53. You did not use tools. You were illiterate. You never genocided any monsters. You never polymorphed an object. You never changed form. You used no wishes. You never split a pudding. You never wrote Elbereth's name. You never violated your personal moral code. Dungeon overview: The Dungeons of Doom: levels 1 to 3 Level 1 some fountains a long staircase Level 2 Level 3 a fountain stairs to The Gnomish Mines The Gnomish Mines: levels 4 to 6 Level 4 stairs to The Dungeons of Doom Level 5 Level 6 <- You were here History has recorded: On T:1 you entered the Dungeons of Doom to retrieve the Amulet of Yendor! On T:298 you reached level 2 of The Dungeons of Doom. On T:337 you reached level 3 of The Dungeons of Doom. On T:436 you reached level 1 of The Gnomish Mines. On T:600 you advanced to experience level 2. On T:629 you advanced to experience level 3. On T:739 you advanced to experience level 4. On T:836 you reached level 2 of The Gnomish Mines. On T:1159 you reached level 3 of The Gnomish Mines. On T:1171 you advanced to experience level 5. Score breakdown: Gold: 279 ( 27 points) Experience: 5 levels ( 400 points) Exploration: 6 levels ( 150 points) Discoveries: 1 item ( 50 points) Variety of kills: 18 monsters ( 900 points) Major goal: (nothing yet) ( 0 points) Survival: died (score multiplied by 3) Total score: 4581 Latest messages: You put a violet gem into the chest. You put an orange gem into the chest. You put 4 uncursed potions of extra healing into the chest. You put an uncursed potion of gain energy into the chest. You put a stethoscope into the chest. Your movements are now unencumbered. The gnome lord swings his thonged club. The gnome lord hits you! You die... Final status: Goodbye healhack the Healer, killed by a gnome lord... You died in The Gnomish Mines on dungeon level 6 with 4581 points, and 1422 pieces of gold, after 1301 moves. You were level 5 with a maximum of 41 hit points when you died.